 Dungeon Crawl Stone Soup version 0.18.1-50-g88ac8fd (webtiles) character file.

127600 KarmaPolice the Phalangite (level 17, 0/146 HPs)
             Began as a Merfolk Gladiator on Sept 27, 2016.
             Was the Champion of Qazlal.
             Slain by a five-headed hydra (11 damage)
             ... on level 4 of the Swamp on Sept 28, 2016.
             The game lasted 02:03:34 (39147 turns).

KarmaPolice the Phalangite (Merfolk Gladiator)     Turns: 39147, Time: 02:03:36

Health: 0/146      AC: 24    Str: 26    XL:     17   Next: 1%
Magic:  19/26      EV: 16    Int:  8    God:    Qazlal [******]
Gold:   1127       SH:  8    Dex: 15    Spells: 0 memorised, 16 levels left

rFire  + . .     SeeInvis .     T - +6 demon trident (elec)
rCold  . . .     Gourm    .     q - +2 chain mail {MR+}
rNeg   + . .     Faith    .     (no shield)
rPois  .         Spirit   .     B - +0 hat {MR+}
rElec  .         Dismiss  .     w - +1 cloak of the Guilds {rN+}
rCorr  .         Reflect  .     G - +2 pair of gloves
SustAt .         Harm     .     t - +0 pair of boots
MR     +++..                    (no amulet)
Stlth  ..........               b - ring of protection from fire
                                e - +5 ring of strength

@: protected from physical damage, very slightly contaminated, repel missiles,
invisible, extremely resistant to hostile enchantments, extremely unstealthy
A: change form in water, swift swim
a: Upheaval, Elemental Force, Disaster Area, Renounce Religion


You were on level 4 of the Swamp.
You worshipped Qazlal.
Qazlal was exalted by your worship.
You were very hungry.

You visited 4 branches of the dungeon, and saw 26 of its levels.
You also visited: Labyrinth.

You collected 2640 gold pieces.
You spent 1513 gold pieces at shops.

Inventory:

Hand Weapons
 M - the +8 halberd of a labyrinth {chop, +Blink}
   (You bought it in a shop on level 2 of the Orcish Mines)

   It inflicts extra damage upon your enemies.
   It lets you blink.
 T - a +6 demon trident of electrocution (weapon)
Missiles
 d - 6 throwing nets (quivered)
Armour
 a - a +1 chain mail of fire resistance
 q - a +2 chain mail of magic resistance (worn)
 t - a +0 pair of boots (worn)
 w - the +1 cloak of the Guilds (worn) {rN+}
   (You bought it in a shop on level 9 of the Dungeon)

   It protects you from negative energy.
 B - a +0 hat of magic resistance (worn)
 G - a +2 pair of gloves (worn)
 Q - the +4 chain mail of Ylubo {rF+ SInv}
   (You bought it in a shop on level 2 of the Orcish Mines)

   It protects you from fire.
   It lets you see invisible.
 X - a +2 plate armour of poison resistance
 Y - a +3 scale mail of cold resistance
Jewellery
 b - a ring of protection from fire (right hand)
 e - a +5 ring of strength (left hand)
 h - an uncursed ring of see invisible
 y - an uncursed ring of ice
Wands
 O - a wand of teleportation (0/9)
 U - a wand of hasting (6/9)
 V - a wand of heal wounds (6/9)
Scrolls
 c - a scroll of blinking
 i - 6 scrolls of fear
 k - 3 scrolls of enchant weapon
 l - 7 scrolls of enchant armour
 n - 6 scrolls of teleportation
 o - 4 scrolls of fog
 p - 11 scrolls of remove curse
 x - 2 scrolls of amnesia
 z - 2 scrolls of recharging
 D - a scroll of brand weapon
 E - a scroll of acquirement
 J - 2 scrolls of magic mapping
 R - 3 scrolls of identify
 S - 3 scrolls of holy word
Potions
 g - 2 potions of berserk rage
 s - 4 potions of flight
 u - a potion of invisibility
 A - 4 potions of curing
 F - a potion of might
 H - a potion of haste
 K - 2 potions of agility
 L - a potion of cancellation {unknown}
 N - 2 potions of resistance {unknown}
 P - 4 potions of brilliance {unknown}
 W - 2 potions of ambrosia {unknown}
Comestibles
 f - 14 bread rations
 j - 11 meat rations
 m - 7 beef jerkies
 v - 10 fruits
 C - a royal jelly
 I - 10 slices of pizza


   Skills:
 + Level 16.7 Fighting
 + Level 21.2 Polearms
 - Level 2.0 Throwing
 * Level 10.8 Armour
 - Level 12.3 Dodging
 - Level 12.3 Invocations


You had 16 spell levels left.
You didn't know any spells.

Dungeon Overview and Level Annotations

Branches:
Dungeon (12/15)            Temple (0/1) D:6            Lair (8/8) D:11
  Swamp (4/4) Lair:5       Spider (0/4) Lair:6        Slime (0/6) Lair:7
    Orc (2/2) D:12            Elf (0/3) Orc:2

Altars:
Ashenzari
Kikubaaqudgha
Okawaru
Qazlal
Sif Muna
Trog
Beogh

Shops:
D:5 %:(   D:9 [(   Orc:1 ?   Orc:2 [(!(


Message History

You feel extremely sick.
The eight-headed hydra roars!
The eight-headed hydra is engulfed in freezing vapours.
The eight-headed hydra seems to slow down.
* * * LOW HITPOINT WARNING * * *
You feel extremely sick.
The eight-headed hydra roars!
* * * LOW HITPOINT WARNING * * *
You feel extremely sick.
The eight-headed hydra roars!
The five-headed hydra is engulfed in freezing vapours.
Drink which item? (? for menu, Esc to quit)
You feel better.
You hear a roar! x2
The five-headed hydra closely misses you.
You block the five-headed hydra's attack.
The five-headed hydra bites you!
* * * LOW HITPOINT WARNING * * *
The five-headed hydra bites you!
You die...

♣.D♣≈.. ≈♣♣≈.≈≈≈♣♣ ♣
♣≈≈§§†♣♣≈♣♣♣....♣
♣≈..≈≈).♣≈≈≈≈♣♣.≈≈.♣
♣♣≈..≈≈≈≈♣≈≈≈≈♣♣≈≈§.♣
♣♣≈≈≈≈≈≈≈≈♣≈≈≈≈♣♣≈≈..♣
♣≈≈≈≈≈≈...♣≈♣♣♣≈≈≈..≈♣
♣.≈≈....♣♣§§≈≈≈≈...♣♣
♣♣≈≈≈♣§≈§§.≈≈§≈≈≈..♣♣
♣.≈≈≈§§.†DD@..≈≈.♣♣♣
§.♣..§§..♣♣≈≈♣♣
♣≈..♣♣♣♣♣♣♣♣♣ ♣♣♣♣♣


You could see an eight-headed hydra (wandering) and a five-headed hydra.

Vanquished Creatures
  Saint Roka (Orc:2)
  Gastronok (D:9)
  4 thorn hunters
  Maud (Lair:5)
  An orc warlord (Orc:2)
  2 ettins (Orc:2)
  A minotaur (Lab)
  A catoblepas (Lair:8)
  17 hydras
  3 ghost crabs
  3 alligators (Swamp:1)
  The ghost of Drunkenshrew the Skirmisher, a novice DrSk of Sif Muna (D:9)
  3 death yaks (Lair:8)
  Urug (Lair:1)
  A fire crab (Lair:7)
  A spriggan druid (Swamp:4)
  7 swamp dragons
  An unseen horror (Lab)
  4 shambling mangroves
  A lindwurm (Lair:7)
  3 orc knights
  2 orc sorcerers (Orc:1)
  3 griffons
  3 ugly things
  An oklob plant (Lair:8)
  4 hornets
  2 black mambas
  8 elephants
  A torpor snail (Lair:4)
  46 spiny frogs
  5 gargoyles
  9 komodo dragons
  4 rime drakes
  The ghost of sheala the Thaumaturge, a novice DENe of Sif Muna (D:6)
  A two-headed ogre (D:11)
  4 trolls (Orc:2)
  13 giant leeches
  5 polar bears
  35 blink frogs
  17 slime creatures
  6 bog bodies
  6 redbacks
  12 spriggans
  2 wyverns
  2 shadows
  3 wraiths (D:11)
  42 yaks
  Eustachio (D:5)
  4 basilisks
  2 hungry ghosts (D:9)
  9 hippogriffs
  A human (D:9)
  15 vampire mosquitoes
  6 wargs
  7 insubstantial wisps
  A soldier ant (D:12)
  24 swamp worms
  13 water moccasins
  11 porcupines
  3 swamp drakes
  5 black bears
  37 orc warriors
  2 sky beasts
  17 wasps
  An eye of draining (D:11)
  10 ogres
  20 wolves
  5 phantoms
  12 centaurs
  15 crocodiles
  3 big kobolds
  Blork the orc (D:5)
  30 giant frogs
  6 jellies
  4 killer bees (D:9)
  10 wights
  8 electric eels
  12 howler monkeys
  2 centaur zombies
  6 crimson imps
  4 hounds
  A quasit (D:11)
  2 centaur skeletons
  A giant frog skeleton (D:6)
  24 orc priests
  37 orc wizards
  7 iguanas
  Jessica (D:2)
  Natasha (thrice) (D:2)
  4 worker ants
  22 sheep
  2 centaur simulacra (D:10)
  A hound zombie (D:11)
  A hound skeleton (D:10)
  22 adders
  82 river rats
  3 shadow imps
  2 white imps (D:10)
  3 ufetubi (D:10)
  2 oozes
  A worm (D:4)
  6 dart slugs
  3 giant geckos
  113 orcs
  8 bats
  A bat zombie (D:2)
  4 giant cockroaches
  15 goblins
  8 hobgoblins
  6 jackals
  6 quokkas
  A ball python (D:7)
  4 giant newts
  A jackal skeleton (D:4)
  14 kobolds
  A quokka simulacrum (D:10)
  A quokka skeleton (D:6)
  A quokka zombie (D:7)
  11 rats
  A rat zombie (D:2)
  3 briar patches (Swamp:2)
  2 bushes (Lair:5)
  111 fungi
  88 plants
1232 creatures vanquished.

Vanquished Creatures (collateral kills)
  A porcupine (Lair:5)
  An orc (Orc:2)
2 creatures vanquished.

Vanquished Creatures (others)
  A giant leech (Swamp:4)
  A swamp drake (Swamp:4)
  A hobgoblin (D:3)
  6 briar patches (Swamp:2)
  27 fungi
  15 plants
51 creatures vanquished.

Grand Total: 1285 creatures vanquished

Notes
Turn   | Place    | Note
--------------------------------------------------------------
     0 | D:1      | KarmaPolice the Merfolk Gladiator began the quest for the Orb.
     0 | D:1      | Reached XP level 1. HP: 16/16 MP: 1/1
   383 | D:1      | Reached XP level 2. HP: 23/23 MP: 2/2
  1001 | D:2      | Reached skill level 5 in Polearms
  1162 | D:2      | Reached XP level 3. HP: 28/28 MP: 3/3
  1168 | D:2      | Noticed Jessica
  1182 | D:2      | Killed Jessica
  1499 | D:2      | Reached skill level 5 in Dodging
  1499 | D:2      | Reached XP level 4. HP: 30/35 MP: 4/4
  1551 | D:2      | Noticed Natasha
  1557 | D:2      | Killed Natasha
  1751 | D:2      | Noticed Natasha
  1958 | D:2      | Killed Natasha
  1958 | D:2      | Reached XP level 5. HP: 33/41 MP: 5/5
  2043 | D:2      | Noticed Natasha
  2056 | D:2      | Killed Natasha
  2056 | D:2      | Reached skill level 6 in Polearms
  2385 | D:2      | Reached XP level 6. HP: 21/48 MP: 6/6
  2576 | D:2      | Found an ancient bone altar of Kikubaaqudgha.
  2675 | D:2      | Found a deep blue altar of Sif Muna.
  2776 | D:2      | Found an iron altar of Okawaru.
  3076 | D:3      | Found a bloodstained altar of Trog.
  3558 | D:3      | Found a shattered altar of Ashenzari.
  3979 | D:4      | HP: 1/48 [acid (8)]
  4358 | D:4      | Reached skill level 7 in Polearms
  4363 | D:4      | Noticed a phantom
  4381 | D:4      | Killed a phantom
  4381 | D:4      | Reached XP level 7. HP: 41/55 MP: 7/7
  4382 | D:4      | Reached skill level 5 in Fighting
  4504 | D:4      | Found a stormy altar of Qazlal.
  4509 | D:4      | Became a worshipper of Qazlal Stormbringer
  4560 | D:4      | Got a crude pewter ring
  4987 | D:5      | Entered Level 5 of the Dungeon
  5034 | D:5      | Reached skill level 8 in Polearms
  5221 | D:5      | Found Xiadang's Weapon Shop.
  5444 | D:5      | Reached XP level 8. HP: 30/64 MP: 8/8
  5759 | D:5      | Noticed Eustachio
  5780 | D:5      | Killed Eustachio
  6191 | D:5      | Reached skill level 9 in Polearms
  6750 | D:5      | Noticed Blork the orc
  6760 | D:5      | Identified the ring "Benn" {*Confuse rElec Str+6 Stlth+} (You found it on level 4 of the Dungeon)
  7012 | D:5      | Killed Blork the orc
  7012 | D:5      | Reached * piety under Qazlal
  7012 | D:5      | Reached skill level 1 in Invocations
  7137 | D:5      | Found Birisk's Book Emporium.
  7276 | D:5      | Found Haoberig's Food Boutique.
  7508 | D:6      | Reached XP level 9. HP: 71/71 MP: 10/10
  7769 | D:6      | Reached skill level 10 in Polearms
  7810 | D:6      | Noticed sheala's ghost (novice DENe)
  7829 | D:6      | Killed sheala's ghost
  7982 | D:6      | Found a staircase to the Ecumenical Temple.
  8069 | D:6      | Identified Xypreok's Guide on Changing and Translocation
  8401 | D:7      | Reached skill level 10 in Dodging
  8443 | D:7      | Reached ** piety under Qazlal
  9602 | D:8      | Reached skill level 11 in Polearms
  9743 | D:8      | Reached XP level 10. HP: 82/82 MP: 13/13
 10182 | D:9      | Reached skill level 5 in Invocations
 10387 | D:9      | Found Ycugeos's Antique Armour Shoppe.
 10399 | D:9      | Noticed Drunkenshrew's ghost (novice DrSk)
 10419 | D:9      | Killed Drunkenshrew's ghost
 10430 | D:9      | Bought a polished cloak for 294 gold pieces
 10435 | D:9      | Identified the +1 cloak of the Guilds {rN+} (You bought it in a shop on level 9 of the Dungeon)
 10563 | D:9      | Reached skill level 12 in Polearms
 10796 | D:9      | Noticed Gastronok
 10957 | D:9      | Reached *** piety under Qazlal
 11287 | D:9      | Killed Gastronok
 11287 | D:9      | Reached XP level 11. HP: 29/90 MP: 14/16
 11550 | D:9      | Found Josmig's Antique Weapon Shop.
 11608 | D:10     | Entered Level 10 of the Dungeon
 11624 | D:10     | Reached skill level 10 in Fighting
 11754 | D:10     | Reached skill level 13 in Polearms
 12534 | D:11     | Noticed a red ugly thing
 12540 | D:11     | Killed a red ugly thing
 12552 | D:11     | Reached **** piety under Qazlal
 12799 | D:11     | Found a staircase to the Lair.
 13399 | D:11     | Reached skill level 14 in Polearms
 13849 | D:12     | Found a roughly hewn altar of Beogh.
 13849 | D:12     | Found a staircase to the Orcish Mines.
 13907 | D:12     | Reached ***** piety under Qazlal
 14082 | D:12     | Noticed a white ugly thing
 14090 | D:12     | Killed a white ugly thing
 14090 | D:12     | Reached XP level 12. HP: 92/100 MP: 18/18
 14543 | Lair:1   | Entered Level 1 of the Lair of Beasts
 14919 | Lair:1   | HP: 5/100 [polar bear (4)]
 15695 | Lair:1   | Noticed Urug
 15715 | Lair:1   | Killed Urug
 15715 | Lair:1   | Reached skill level 15 in Polearms
 16142 | Lair:2   | Reached skill level 10 in Invocations
 16407 | Lair:2   | Noticed a four-headed hydra
 16418 | Lair:2   | Killed a four-headed hydra
 16763 | Lair:2   | Noticed a four-headed hydra
 16769 | Lair:2   | Killed a four-headed hydra
 16851 | Lair:2   | Reached skill level 16 in Polearms
 17439 | Lair:3   | Reached XP level 13. HP: 100/109 MP: 21/21
 18127 | Lair:3   | Reached ****** piety under Qazlal
 18961 | Lair:4   | Reached skill level 17 in Polearms
 20233 | Lair:5   | Found a labyrinth entrance.
 20258 | Lab      | Entered a labyrinth
 22133 | Lab      | Noticed a minotaur
 22154 | Lab      | Killed a minotaur
 22188 | Lab      | Got a pair of spiked boots
 22263 | Lab      | Identified the cursed -4 pair of boots "Keuzeh" {rPois} (You found it in a labyrinth)
 22428 | Lair:5   | Noticed Maud
 22525 | Lair:4   | Identified a +8 rod of shadows (14/14) (You found it in a labyrinth)
 22920 | Lair:5   | Killed Maud
 23130 | Lair:5   | Found a staircase to the Swamp.
 23189 | Lair:5   | Reached skill level 1 in Armour
 23193 | Lair:5   | Reached skill level 18 in Polearms
 23816 | Lair:6   | Reached XP level 14. HP: 119/119 MP: 23/23
 23823 | Lair:6   | Found a hole to the Spider Nest.
 24529 | Lair:7   | Found a staircase to the Slime Pits.
 25776 | Lair:8   | Entered Level 8 of the Lair of Beasts
 26625 | Lair:8   | Reached skill level 5 in Armour
 27245 | Lair:8   | Reached skill level 19 in Polearms
 27785 | Lair:8   | Reached XP level 15. HP: 71/127 MP: 24/24
 28051 | Lair:8   | Reached skill level 15 in Fighting
 29073 | Swamp:1  | Entered Level 1 of the Swamp
 29534 | Lair:5   | Identified 2 scrolls of acquirement
 29820 | Orc:1    | Entered Level 1 of the Orcish Mines
 30036 | Orc:2    | Entered Level 2 of the Orcish Mines
 30140 | Orc:2    | Found a roughly hewn altar of Beogh.
 30207 | Orc:2    | Found a staircase to the Elven Halls.
 30399 | Orc:2    | Noticed an orc warlord
 30459 | Orc:2    | Killed an orc warlord
 30798 | Orc:2    | Found a roughly hewn altar of Beogh.
 31123 | Orc:2    | Found a roughly hewn altar of Beogh.
 31136 | Orc:2    | Found Vietoij's Distillery.
 31207 | Orc:2    | Noticed Saint Roka
 31240 | Orc:2    | Bought a potion of heal wounds for 65 gold pieces
 31240 | Orc:2    | Bought a potion of might for 52 gold pieces
 31240 | Orc:2    | Bought a potion of might for 52 gold pieces
 31240 | Orc:2    | Bought a potion of haste for 130 gold pieces
 31638 | Orc:2    | Killed Saint Roka
 31883 | Orc:2    | Found Bitij's Antique Armour Shop.
 31886 | Orc:2    | Found a roughly hewn altar of Beogh.
 31889 | Orc:2    | Found Taf Cap's Antique Weapon Boutique.
 32028 | Orc:2    | Found a roughly hewn altar of Beogh.
 32031 | Orc:2    | Found Kisor's Weapon Shoppe.
 32261 | Orc:2    | Bought a smoking halberd for 324 gold pieces
 32267 | Orc:2    | Bought a distressingly furry chain mail for 256 gold pieces
 32280 | Orc:2    | Identified the +4 chain mail of Ylubo {rF+ SInv} (You bought it in a shop on level 2 of the Orcish Mines)
 32280 | Orc:2    | Identified the +8 halberd of a labyrinth {chop, +Blink} (You bought it in a shop on level 2 of the Orcish Mines)
 32398 | Orc:1    | Found Kolerphir's Magic Scroll Boutique.
 32472 | Orc:1    | Bought a scroll of identify for 32 gold pieces
 32472 | Orc:1    | Bought a scroll of identify for 32 gold pieces
 32472 | Orc:1    | Bought a scroll of random uselessness for 16 gold pieces
 33222 | Orc:2    | Bought a potion of might for 52 gold pieces
 33222 | Orc:2    | Bought 2 potions of invisibility for 208 gold pieces
 33753 | Swamp:1  | Reached skill level 20 in Polearms
 34633 | Swamp:1  | Reached XP level 16. HP: 93/138 MP: 25/25
 34838 | Swamp:2  | Noticed a thorn hunter
 35650 | Swamp:2  | Noticed a thorn hunter
 35690 | Swamp:2  | Killed a thorn hunter
 36275 | Swamp:2  | Killed a thorn hunter
 36988 | Swamp:3  | Noticed a thorn hunter
 37000 | Swamp:3  | Killed a thorn hunter
 37204 | Swamp:3  | Reached skill level 10 in Armour
 37675 | Swamp:4  | Entered Level 4 of the Swamp
 38097 | Swamp:4  | Reached skill level 21 in Polearms
 39133 | Swamp:4  | Noticed a thorn hunter
 39138 | Swamp:4  | Killed a thorn hunter
 39139 | Swamp:4  | Reached XP level 17. HP: 39/146 MP: 18/26
 39147 | Swamp:4  | Slain by a five-headed hydra

Skill      XL: |  1  2  3  4  5  6  7  8  9 10 11 12 13 14 15 16 |
---------------+-------------------------------------------------+-----
Polearms       | 5 6 7 8 9 11 12 14 16 18 19 20 21 | 21.2
Fighting       | 3 4 5 6 8 9 11 12 13 14 15 16 | 16.7
Dodging        | 5 6 7 8 9 10 12 | 12.3
Invocations    | 2 4 7 9 10 12 | 12.3
Armour         | 1 6 8 10 | 10.8
Throwing       | |  2.0

Action                   |  1- 3 |  4- 6 |  7- 9 | 10-12 | 13-15 | 16-18 || total
-------------------------+-------+-------+-------+-------+-------+-------++-------
Melee: Trident           |    80 |   302 |   506 |   953 |   379 |       ||  2220
       Tailslap          |       |     2 |       |       |    10 |    28 ||    40
       Demon trident     |       |       |       |       |   939 |   473 ||  1412
       Halberd           |       |       |       |       |   123 |       ||   123
Throw: Throwing net      |       |     2 |     1 |     1 |     2 |       ||     6
Invok: Elemental Force   |       |       |       |       |     2 |       ||     2
       Disaster Area     |       |       |       |       |     1 |     1 ||     2
Evoke: Wand              |       |       |       |     1 |     1 |     1 ||     3
  Use: Potion            |       |       |     2 |     2 |     8 |     5 ||    17
       Scroll            |       |       |    13 |     7 |    16 |     4 ||    40
 Stab: Sleeping          |     2 |     1 |       |       |       |       ||     3
       Held in net/web   |       |     1 |     2 |     1 |     2 |       ||     6
       Distracted        |       |       |       |     1 |       |       ||     1
  Eat: Chunk             |     2 |     8 |    12 |    26 |    49 |     9 ||   106
       Meat ration       |       |       |     1 |       |       |       ||     1
       Royal jelly       |       |       |     1 |       |       |       ||     1
       Fruit             |       |       |       |       |     6 |     4 ||    10
Armor: Leather armour    |    18 |    49 |    64 |    91 |    93 |       ||   315
       Skin              |       |       |       |       |     6 |       ||     6
       Chain mail        |       |       |       |       |    44 |   112 ||   156
Dodge: Dodged            |    41 |   209 |   285 |   341 |   576 |   171 ||  1623
       Deflected         |       |       |       |     1 |    17 |     5 ||    23
Block: Other             |       |       |     7 |    91 |   304 |   105 ||   507
